 Dungeon Crawl Stone Soup version 0.21.1-1-g345015fe64 (webtiles) character file.

51 Evaline the Shield-Bearer (level 3, 0/23 HPs)
             Began as a Gargoyle Fighter on June 30, 2018.
             Slain by Natasha (5 damage)
             ... on level 2 of the Dungeon.
             The game lasted 00:07:28 (1316 turns).

Evaline the Shield-Bearer (Gargoyle Fighter)        Turns: 1316, Time: 00:07:28

Health: 0/23       AC: 18    Str: 20    XL:     3   Next: 83%
Magic:  3/3        EV:  0    Int:  8    God:
Gold:   44         SH:  9    Dex:  9    Spells: 2/2 levels left

rFire    + . .     SeeInvis .   a - +0 flail
rCold    + . .     Gourm    .   c - +0 shield
rNeg     + . .     Faith    .   k - +0 gold dragon scales
rPois    ∞         Spirit   .   (no helmet)
rElec    +         Reflect  .   (no cloak)
rCorr    .         Harm     .   p - +0 pair of gloves
MR       .....                  (no boots)
Stlth    ..........             (no amulet)
HPRegen  0.07/turn              (no ring)
MPRegen  0.08/turn              (no ring)

@: slowed, very slow
A: negative energy resistance 1, electricity resistance, unbreathing,
petrification resistance, rot immunity, AC +3
a: no special abilities


You were on level 2 of the Dungeon.
You were not hungry.

You visited 1 branch of the dungeon, and saw 2 of its levels.

You collected 44 gold pieces.

Inventory:

Hand Weapons
 a - a +0 flail (weapon)
Missiles
 l - 3 stones (quivered)
 m - 13 poisoned needles
 o - 3 javelins of penetration
Armour
 b - a +0 scale mail
 c - a +0 shield (worn)
 k - +0 gold dragon scales (worn)
 p - a +0 pair of gloves (worn)
Jewellery
 t - an uncursed ring of positive energy {unknown}
Scrolls
 h - 2 scrolls of remove curse {unknown}
 i - a scroll of fog {unknown}
 j - a scroll of enchant weapon {unknown}
 n - 2 scrolls of teleportation {unknown}
 q - 3 scrolls of amnesia {unknown}
 r - a scroll of noise {unknown}
Potions
 d - a potion of might
 e - a potion of curing {unknown}
 s - a potion of flight {unknown}
Comestibles
 f - 4 rations
 g - a chunk of flesh


   Skills:
 + Level 3.4 Fighting
 * Level 2.7 Maces & Flails
 + Level 3.5 Armour
 * Level 4.4 Shields


You had 2 spell levels left.
You didn't know any spells.

Dungeon Overview and Level Annotations

Branches:
Dungeon (2/15)

Altars:

Annotations:
D:1 Gold OOR - Fire
D:2 Natasha


Innate Abilities, Weirdness & Mutations

You are resistant to torment.
Your stone body is resilient. (AC +3)
You are immune to poison.
You resist negative energy. (rN+)
You are resistant to electric shocks. (rElec)
You can survive without breathing.
You are immune to petrification.
You are immune to rotting.


Message History

Your gold dragon scales prevents you from hitting Natasha.
The shadow imp gestures at you. Pain shoots through your body!
* * * LOW HITPOINT WARNING * * *
The crimson imp blinks!
Natasha claws you but does no damage.
The shadow imp hits you but does no damage.
You miss Natasha.
Natasha mewls in sadness.
Natasha claws you but does no damage.
The shadow imp hits you but does no damage.
You block Natasha's attack. Natasha claws you but does no damage.
You closely miss Natasha.
The shadow imp disappears in a puff of smoke!
Natasha claws you but does no damage.
The crimson imp summons a swarm of flies.
You block the crimson imp's attack. Natasha claws you but does no damage.
The crimson imp hits you but does no damage.
Your shield and gold dragon scales prevent you from hitting Natasha.
Natasha claws you.
You die...

#.# #.#'#
#######.# .#.#
#.......# ...#
#.#########
#..#
##.#...)...#
#..#
.#.#.#####.#
..# .#.#.#
###.# #.#
.#.#.#
#...####h######
.(.#>#
#.####...@....#
####.#
#....#...5....#
.# #.#
####.#........#
####.#
#.....######
.....# #######
######


You could see Natasha and a crimson imp.

Vanquished Creatures
  Natasha (D:2)
  3 leopard geckos (D:1)
  3 giant cockroaches
  A goblin (D:1)
  A hobgoblin (D:1)
  2 jackals (D:1)
  A ball python (D:1)
  6 bats (D:1)
  2 frilled lizards (D:1)
  2 kobolds
  3 rats
25 creatures vanquished.

Vanquished Creatures (others)
  A hobgoblin (D:1)
1 creature vanquished.

Grand Total: 26 creatures vanquished

Notes
Turn   | Place    | Note
-------+----------+-------------------------------------------
     0 | D:1      | Evaline the Gargoyle Fighter began the quest for the Orb.
     0 | D:1      | Reached XP level 1. HP: 14/14 MP: 1/1
   173 | D:1      | Reached XP level 2. HP: 19/19 MP: 2/2
   804 | D:1      | Reached skill level 4 in Shields
   804 | D:1      | Reached XP level 3. HP: 19/23 MP: 3/3
  1014 | D:2      | Noticed Natasha
  1024 | D:2      | Killed Natasha
  1298 | D:2      | Noticed Natasha
  1316 | D:2      | Slain by Natasha

Skill      XL: |  1  2 |
---------------+-------+-----
Shields        | 4 |  4.4
Fighting       | |  3.4
Maces & Flails | |  2.7
Armour         | |  3.5

Action                   || total
-------------------------++-------
Melee: Flail             ||   194
  Eat: Chunk             ||     2
Armor: Scale mail        ||    44
       Gold dragon scale ||   171
Dodge: Dodged            ||    23
Block: Shield            ||   128
